 Dungeon Crawl Stone Soup version 0.24.0-28-g17ded55e90 (webtiles) character file.

Game seed: 6194087821368435691, levelgen mode: deterministic

897 Johnny the Slasher (level 7, -4/66 HPs)
             Began as a Troll Berserker on Nov 12, 2019.
             Was an Elder of Trog.
             Slain by an orc warrior
             ... wielding a +0 halberd
              (7 damage)
             ... on level 6 of the Dungeon.
             The game lasted 00:04:40 (4384 turns).

Johnny the Slasher (Troll Berserker)                Turns: 4384, Time: 00:04:41

Health: -4/66      AC:  6    Str: 28    XL:     7   Next: 79%
Magic:  6/6        EV: 11    Int:  3    God:    Trog [****..]
Gold:   268        SH:  0    Dex:  9    Spells: 6/6 levels left

rFire    . . .     SeeInvis .   a - +0 falchion
rCold    . . .     Gourm    +   (no shield)
rNeg     . . .     Faith    .   b - +0 animal skin
rPois    +         Spirit   .   (helmet restricted)
rElec    .         Reflect  .   (no cloak)
rCorr    .         Harm     .   (gloves unavailable)
MR       +++..                  (boots unavailable)
Stlth    +.........             n - amulet of regeneration
HPRegen  2.01/turn              d - ring of poison resistance
MPRegen  0.10/turn              q - ring of protection from magic

@: regenerating
A: large, unfitting armour, claws 3, fast metabolism 3, gourmand, regeneration
1, shaggy fur 1, tough skin 3
a: Berserk, Trog's Hand, Brothers in Arms, Renounce Religion


You were on level 6 of the Dungeon.
You worshipped Trog.
Trog was greatly pleased with you.
You were completely stuffed.

You visited 1 branch of the dungeon, and saw 6 of its levels.
You also visited: Sewer.

You collected 268 gold pieces.

Inventory:

Hand Weapons
 a - a +0 falchion (weapon)
Armour
 b - a +0 animal skin (worn)
Jewellery
 d - a ring of poison resistance (left claw)
 n - an amulet of regeneration (around neck)
 q - a ring of protection from magic (right claw)
Wands
 r - a wand of digging (4)
Scrolls
 e - 2 scrolls of immolation {unknown}
 f - 4 scrolls of enchant armour {unknown}
 g - 3 scrolls of blinking {unknown}
 h - 5 scrolls of remove curse
 j - 4 scrolls of teleportation
 k - 2 scrolls of amnesia {unknown}
 l - 8 scrolls of identify {unknown}
 o - 3 scrolls of fear {unknown}
 s - a scroll of noise {unknown}
Potions
 i - 2 potions of flight
 p - a potion of cancellation
 t - 2 potions of mutation {unknown}
Comestibles
 c - 7 rations
 m - 7 chunks of flesh


   Skills:
 - Level 2.4 Fighting
 * Level 6.6 Long Blades
 + Level 4.8 Dodging


You had 6 spell levels left.
You didn't know any spells.
Your spell library was empty.

Dungeon Overview and Level Annotations

Branches:
Dungeon (6/15)              Sewer (visited)
 Temple: D:4-7

Altars:
Nemelex Xobeh
Yredelemnul
The Shining One


Innate Abilities, Weirdness & Mutations

You are too large for most types of armour.
You have claws for hands.
Your metabolism is lightning-fast.
You like to eat raw meat.
Your natural rate of healing is unusually fast.
You are covered in fur. (AC +1)
You have extremely tough skin. (AC +3)


Message History

Unknown command.
The orc warrior closely misses you.
Evoke which item? (* to show all) (? for menu, Esc to quit)
Okay, then.
The orc priest invokes the aid of Beogh against you.
Beogh smites you!
* * * LOW HITPOINT WARNING * * *
The orc priest mumbles some strange prayers to Beogh against you.
Beogh smites you!
* * * LOW HITPOINT WARNING * * *
Okay, then.
Okay, then.
Okay, then.
Your skin crawls.
You feel resistant to hostile enchantments.
You feel somewhat less full.
The orc hits you with a +2 flail of venom.
* * * LOW HITPOINT WARNING * * *
The orc warrior hits you from afar with a +0 halberd!
You die...

#......[................
#######...####.#####.#..
#...# #>......... #...#
#.#####.... #...# #.#
#.... #...# #.# ##....
#...# #.# #..... #...#
##.######...
#@..###........###
#oZ.##.........#
#.o.##.........#
#...##.........#
#So.##.........#
#...##.........#
....##..[......#
.....##.........#
#.....##.........#


You could see an orc warrior, an orc priest, an adder, an orc and a worker ant
zombie.

Vanquished Creatures
  A sky beast (D:5)
  An ogre (D:5)
  A scorpion (D:5)
  A howler monkey (D:6)
  2 hounds
  2 orc priests (D:5)
  6 orc wizards
  2 iguanas (D:5)
  2 worker ants (D:5)
  3 gnolls (D:2)
  8 adders
  A shadow imp (D:5)
  2 oozes
  An adder zombie (D:5)
  2 dart slugs
  A leopard gecko (D:5)
  11 orcs
  6 ball pythons
  A giant cockroach (D:2)
  16 goblins
  10 hobgoblins
  4 jackals (Sewer)
  16 kobolds
  3 quokkas
  5 bats
  12 frilled lizards
  A jackal zombie (D:5)
  11 rats
132 creatures vanquished.

Vanquished Creatures (others)
  An orc wizard (D:5)
1 creature vanquished.

Grand Total: 133 creatures vanquished

Notes
Turn   | Place    | Note
-------+----------+-------------------------------------------
     0 | D:1      | Johnny the Troll Berserker began the quest for the Orb.
     0 | D:1      | Reached XP level 1. HP: 22/22 MP: 0/0
   220 | D:1      | Reached XP level 2. HP: 23/29 MP: 1/1
   372 | D:1      | Reached skill level 3 in Long Blades
   718 | D:1      | Reached XP level 3. HP: 36/36 MP: 2/2
   783 | D:1      | Reached ** piety under Trog
  1066 | D:2      | Reached XP level 4. HP: 44/44 MP: 3/3
  1349 | D:3      | Found a glowing golden altar of the Shining One.
  1525 | D:3      | Reached skill level 4 in Long Blades
  1681 | D:3      | Reached *** piety under Trog
  1780 | D:3      | Reached XP level 5. HP: 43/50 MP: 4/4
  2412 | D:4      | Found a glowing drain.
  2429 | Sewer    | Entered a sewer
  3385 | D:4      | Reached **** piety under Trog
  3437 | D:5      | Entered Level 5 of the Dungeon
  3438 | D:5      | Noticed a sky beast
  3438 | D:5      | Noticed an ogre
  3447 | D:5      | Killed an ogre
  3447 | D:5      | Reached skill level 5 in Long Blades
  3447 | D:5      | Reached XP level 6. HP: 59/59 MP: 5/5
  3506 | D:5      | Found a basalt altar of Yredelemnul.
  3695 | D:5      | Reached XP level 7. HP: 56/66 MP: 6/6
  3846 | D:5      | Reached skill level 6 in Long Blades
  3895 | D:5      | Found a sparkling altar of Nemelex Xobeh.
  4383 | D:6      | HP: 3/66 [orc priest/divine providence (10)]
  4384 | D:6      | Slain by an orc warrior

Levels and vault maps discovered:
D:1:      psy_arrival_radial02, layout_basic, minivault_19
D:2:      layout_rooms, first_ration, minmay_tromino_v4_a
D:3:      layout_loops_corners, nicolae_overflow_crystal_walls,
          chequers_serial_rivers_micro_a
D:4:      layout_basic, portal_sewer_entry_d
D:5:      layout_loops_cross, yredelemnul_altar_generic, wad_floor_pattern_1,
          nemelex_lonely_heart_becter
D:6:      minmay_goblin_kobold_castle, layout_basic,
          nicolae_qazlal_general_emergency, minmay_temple_entry_crystal_x,
          serial_shops, shop, gup_ossuary_entry_pyramid, uniq_pikel

Skill      XL: |  1  2  3  4  5  6  7 |
---------------+----------------------+-----
Long Blades    | 3 4 5 6 |  6.6
Dodging        | 3 4 |  4.8
Fighting       | |  2.4

Action                   |  1- 3 |  4- 6 |  7- 9 || total
-------------------------+-------+-------+-------++-------
Melee: Falchion          |   112 |   295 |   101 ||   508
Invok: Berserk           |     1 |     3 |     1 ||     5
       Trog's Hand       |       |     3 |     1 ||     4
Evoke: Wand              |       |     1 |       ||     1
  Use: Potion            |       |     5 |       ||     5
       Scroll            |       |     3 |       ||     3
 Stab: Sleeping          |     1 |       |       ||     1
  Eat: Chunk             |    12 |    21 |    14 ||    47
       Ration            |       |     2 |       ||     2
Armor: Animal skin       |    46 |   123 |    33 ||   202
Dodge: Dodged            |    65 |   182 |    55 ||   302
       Rpst.: Falchion   |    25 |    57 |    15 ||    97
